 Dungeon Crawl Stone Soup version 0.29.0-7-g18a832c13a (webtiles) character file.

Game seed: 14476937671144209716

1766 mtoz the Cleaver (level 8, -2/68 (73) HPs)
             Began as a Minotaur Berserker on Sept 1, 2022.
             Was an Elder of Trog.
             Slain by a wight
             ... wielding a +3 halberd
              (3 damage)
             ... on level 6 of the Dungeon.
             The game lasted 00:12:16 (6086 turns).

mtoz the Cleaver (Minotaur Berserker)               Turns: 6086, Time: 00:12:17

HP:   -2/68 (73)    AC: 13    Str: 25    XL:     8   Next: 80%
MP:   7/7           EV: 10    Int:  4    God:    Trog [****..]
Gold: 102           SH:  0    Dex:  9    Spells: 7/7 levels left

rFire   . . .      SeeInvis .   o - +0 war axe
rCold   . . .      Faith    +   (no shield)
rNeg    . . .      Spirit   .   h - +0 chain mail
rPois   +          Reflect  .   y - +2 hat
rElec   .          Harm     .   (no cloak)
rCorr   .          Rampage  .   (no gloves)
Will    ++...                   j - +0 pair of boots
Stlth   ..........              d - amulet of faith
HPRegen 1.21/turn               s - ring of poison resistance
MPRegen 0.10/turn               (no ring)

@: strong-willed, on berserk cooldown, regenerating, slowed, drained, very slow
A: horns 2, retaliatory headbutt
a: Renounce Religion, Berserk, Trog's Hand, Brothers in Arms


You were on level 6 of the Dungeon.
You worshipped Trog.
Trog was greatly pleased with you.
You visited 1 branch of the dungeon, and saw 6 of its levels.

You collected 249 gold pieces.
You spent 147 gold pieces at shops.

Inventory:

Hand Weapons
 a - a +0 flail
 o - a +0 war axe (weapon)
Missiles
 B - 2 throwing nets (quivered)
Armour
 h - a +0 chain mail (worn)
 j - a +0 pair of boots (worn)
 y - a +2 hat (worn)
Jewellery
 b - a +4 ring of protection
 d - an amulet of faith (around neck)
 s - a ring of poison resistance (left hand)
Wands
 m - a wand of mindburst (20)
Scrolls
 e - a scroll of amnesia {unknown}
 f - a scroll of magic mapping {unknown}
 i - 2 scrolls of poison {unknown}
 q - 2 scrolls of vulnerability {unknown}
 v - a scroll of noise {unknown}
 w - a scroll of enchant armour {unknown}
 z - 2 scrolls of teleportation {unknown}
 A - a scroll of immolation {unknown}
 C - a scroll of brand weapon {unknown}
 D - a scroll of identify
Potions
 c - a potion of lignification
 g - a potion of cancellation
 k - 2 potions of magic {unknown}
 l - 2 potions of flight {unknown}
 n - 2 potions of curing
 p - 4 potions of mutation {unknown}
 r - a potion of berserk rage {unknown}
 t - 4 potions of attraction {unknown}
 u - 2 potions of heal wounds {unknown}
 x - 2 potions of degeneration {unknown}


   Skills:
 + Level 7.0 Fighting
 * Level 8.4 Axes
 + Level 6.3 Armour
 + Level 5.7 Dodging
 + Level 3.2 Evocations


You had 7 spell levels left.
You didn't know any spells.
Your spell library was empty.

Dungeon Overview and Level Annotations

Branches:
Dungeon (6/15)             Temple (0/1) D:5

Altars:
Ashenzari
Elyvilon

Shops:
D:2 (   D:4 [


Innate Abilities, Weirdness & Mutations

You have a pair of horns on your head.
You reflexively headbutt those who attack you in melee.


Message History

You barely miss the scorpion. You headbutt the scorpion!
The scorpion is severely wounded.
The scorpion barely misses you.
You barely miss the scorpion.
The scorpion is severely wounded.
The wight hits you but does no damage.
The wight hits you from afar with a +3 halberd!
* * * LOW HITPOINT WARNING * * *
You closely miss the scorpion.
The scorpion is severely wounded.
The scorpion barely misses you. The wight hits you but does no damage.
The wight hits you from afar with a +4 spear of freezing.
* * * LOW HITPOINT WARNING * * *
The wight freezes you.
* * * LOW HITPOINT WARNING * * *
You closely miss the scorpion. You headbutt the scorpion!
You kill the scorpion!
Trog accepts your kill. The wight hits you but does no damage.
The wight closely misses you.
You feel a strong urge to attack something.
The wight hits you with a +4 spear of freezing.
* * * LOW HITPOINT WARNING * * *
The wight freezes you.
* * * LOW HITPOINT WARNING * * *
The wight hits you from afar with a +3 halberd!
* * * LOW HITPOINT WARNING * * *
You feel drained.
* * * LOW HITPOINT WARNING * * *
You closely miss the wight. You headbutt the wight!
The wight is almost destroyed.
You slice the wight!!
You destroy the wight!
Trog accepts your kill.
You are no longer berserk.
You are exhausted.
You feel yourself slow down.
The wight hits you from afar with a +3 halberd!
* * * LOW HITPOINT WARNING * * *
You feel drained.
You die...

#..[...........#.# #.
#...<.......####..#...
##...........##...##..
######........#..<#.#
##..##...#.....## #
###....# #...###
####....# #.....>
+......<####...##.
#@##...>#.##...##.
#)####.......####.
#.z# ######### ##.
...# #.. #...8 ##..
#..... #... ##.)...
#... ###8.#. #.##
#.### #...


You could see a wight.

Vanquished Creatures
  Duvessa (D:5)
  A water moccasin (D:5)
  2 ogres
  A centaur (D:5)
  3 phantoms
  Blork the orc (D:5)
  A gnoll sergeant (D:6)
  4 scorpions
  2 wights (D:6)
  Dowan (D:5)
  A howler monkey (D:4)
  A jelly (D:6)
  An orc priest (D:3)
  6 iguanas
  17 gnolls
  9 adders
  A shadow imp (D:5)
  An ufetubus (D:5)
  2 worms
  A dart slug (D:3)
  13 orcs
  6 ball pythons
  9 bats
  11 endoplasms
  3 giant cockroaches
  10 goblins
  7 hobgoblins
  5 jackals
  3 quokkas
  3 frilled lizards
  10 kobolds
  7 rats
144 creatures vanquished.

Notes
Turn   | Place    | Note
-------+----------+-------------------------------------------
     0 | D:1      | mtoz the Minotaur Berserker began the quest for the Orb.
     0 | D:1      | Reached XP level 1. HP: 19/19 MP: 0/0
    16 | D:1      | Found a faded altar of an unknown god.
   127 | D:1      | Reached XP level 2. HP: 27/27 MP: 1/1
   719 | D:1      | Reached skill level 4 in Axes
  1001 | D:2      | Reached XP level 3. HP: 14/33 MP: 2/2
  1262 | D:2      | Reached ** piety under Trog
  1448 | D:2      | Reached XP level 4. HP: 25/41 MP: 3/3
  1661 | D:2      | Found Daral's Weapon Shoppe.
  1756 | D:2      | Found a broken altar of Ashenzari.
  2317 | D:3      | Reached *** piety under Trog
  2555 | D:3      | Reached XP level 5. HP: 47/47 MP: 4/4
  3002 | D:3      | Reached skill level 5 in Fighting
  3240 | D:4      | Reached skill level 5 in Axes
  3471 | D:4      | Reached XP level 6. HP: 56/56 MP: 5/5
  3475 | D:4      | Reached **** piety under Trog
  3623 | D:4      | Reached skill level 1 in Evocations
  3834 | D:4      | Found Cixzul's Antique Armour Emporium.
  4260 | D:4      | Bought a runed hat for 147 gold pieces
  4272 | D:5      | Entered Level 5 of the Dungeon
  4302 | D:5      | Reached skill level 6 in Axes
  4302 | D:5      | Reached XP level 7. HP: 56/62 MP: 6/6
  4377 | D:5      | Reached skill level 5 in Armour
  4475 | D:5      | Noticed Blork the orc
  4479 | D:5      | Killed Blork the orc
  4569 | D:5      | Found a white marble altar of Elyvilon.
  4595 | D:5      | Identified the +1 robe of Gehenna {Contam Harm Fly Int-2}
  4623 | D:5      | Reached skill level 7 in Axes
  4723 | D:5      | Noticed Dowan
  4737 | D:5      | Killed Dowan
  4738 | D:5      | Reached XP level 8. HP: 70/70 MP: 7/7
  4746 | D:5      | Identified the +2 leather armour "Ruamaser" {Int+4}
  4758 | D:5      | Noticed Duvessa
  4765 | D:5      | Killed Duvessa
  4766 | D:5      | Reached skill level 5 in Dodging
  5028 | D:5      | Found a staircase to the Ecumenical Temple.
  5611 | D:6      | Reached skill level 8 in Axes
  6086 | D:6      | HP: 1/70 [wight/+3 halberd (7)]
  6086 | D:6      | Slain by a wight

Illustrated notes

Levels and vault maps discovered:
D:1:      lightli_arrival_statuegarden, layout_basic,
          ebering_ecumenical_altar_petrified, roderic_lattice_a
D:2:      layout_rooms, serial_shops, shop, basic_altar, minivault_11,
          corexii_hall_statues_i, dreamdust_princess_bridge
D:3:      layout_loops_ring, guppyfry_early_orc_mine
D:4:      layout_loops_corners, serial_shops, shop_statue
D:5:      layout_gridville, nicolae_elyvilon_peaceful_grove,
          minmay_temple_entry_fiery, uniq_blork_the_orc, uniq_duvessa
D:6:      layout_cave_pools, okawaru_altar_gauntlet_db, minitemple,
          kennysheep_flooded_box

Skill      XL: |  1  2  3  4  5  6  7  8 |
---------------+-------------------------+-----
Fighting       | 4 5 6 7 |  7.0
Axes           | 4 5 6 7 8 |  8.4
Armour         | 3 4 5 6 |  6.3
Dodging        | 3 4 5 |  5.7
Evocations     | 1 2 3 |  3.2

Action                   |  1- 3 |  4- 6 |  7- 9 || total
-------------------------+-------+-------+-------++-------
Melee: Hand axe          |    84 |    80 |       ||   164
       Headbutt          |     6 |    26 |    17 ||    49
       Punch             |     1 |     3 |       ||     4
       War axe           |       |   109 |    99 ||   208
Invok: Trog's Hand       |       |     2 |     2 ||     4
       Berserk           |       |     1 |     1 ||     2
  Use: Scroll            |       |     4 |       ||     4
Armor: Animal skin       |     6 |       |       ||     6
       Chain mail        |    29 |   115 |    63 ||   207
Dodge: Dodged            |    51 |    91 |    62 ||   204
